 Dungeon Crawl Stone Soup version 0.30-a0-867-g305f33218d (webtiles) character file.

Game seed: 9480479079487637428

182 Ge0ff the Conjurer (level 5, -3/42 HPs)
             Began as a Naga Conjurer on Mar 10, 2023.
             Slain by a gnoll
             ... wielding a +0 halberd
              (13 damage)
             ... on level 4 of the Dungeon.
             The game lasted 00:09:25 (3491 turns).

Ge0ff the Conjurer (Naga Conjurer)                  Turns: 3491, Time: 00:09:25

Health: -3/42      AC:  2    Str:  9    XL:     5   Next: 62%
Magic:  1/9        EV:  9    Int: 20    God:
Gold:   143        SH:  0    Dex: 10    Spells: 6/9 levels left

rFire   . . .      SeeInvis +    a - +0 spear
rCold   . . .      Faith    .    (no shield)
rNeg    . . .      Spirit   .    N - +0 robe
rPois   +          Reflect  .    (no helmet)
rElec   .          Rampage  .    (no cloak)
rCorr   .                        (no gloves)
Will    .....                    (no barding)
Stlth   ++                       (no amulet)
HPRegen 0.27/turn                (no ring)
MPRegen 0.11/turn                (no ring)

@: short of breath, very slow
A: AC +1, large, see invisible, deformed body, poison resistance, slowness 2,
spit poison 1, naga tail 1
a: Spit Poison


You were on level 4 of the Dungeon.
You visited 1 branch of the dungeon, and saw 4 of its levels.

You collected 143 gold pieces.

Inventory:

Hand Weapons
 a - a +0 spear (weapon)
Missiles
 O - 4 silver javelins
 Q - 11 poisoned darts
 Y - 4 boomerangs
Armour
 N - a +0 robe (worn)
Scrolls
 m - 3 scrolls of magic mapping
 R - a scroll of summoning {unknown}
 S - a scroll of blinking {unknown}
 U - a scroll of vulnerability {unknown}
 W - a scroll of poison {unknown}
 Z - a scroll of noise {unknown}
Potions
 q - a potion of curing
 K - a potion of magic {!q}
 P - a potion of haste {unknown}
 T - a potion of invisibility {unknown}
 V - a potion of might {unknown}
 X - 2 potions of flight


   Skills:
 - Level 1.5 Dodging
 - Level 3.0 Stealth
 + Level 2.6 Spellcasting
 + Level 6.3 Conjurations


You had 6 spell levels left.
You knew the following spells:

 Your Spells              Type           Power      Damage    Failure   Level
j - Searing Ray           Conj           56%        2d6       1%          2
k - Magic Dart            Conj           100%       1d8       1%          1

Your spell library contained the following spells:

 Spells                   Type           Power      Damage    Failure   Level
 Dazzling Flash           Conj/Hex       30%        N/A       12%         3
 Fulminant Prism          Conj/Hex       7%         3d7       36%         4
 Iskenderun's Mystic Bla  Conj/Tloc      15%        2d5       36%         4
 Starburst                Conj/Fire      7%         6d4       99%         6


Dungeon Overview and Level Annotations

Branches:
Dungeon (4/15) Zot: 19713
 Temple: D:4-7

Altars:
Ashenzari

Annotations:
D:4 Blork the orc


Innate Abilities, Weirdness & Mutations

Your serpentine skin is tough. (AC +1)
You have supernaturally acute eyesight. (SInv)
Armour fits poorly on your strangely shaped body.
Your system is resistant to poisons. (rPois)
You cover ground very slowly.
You can spit poison.
You have a snake-like lower body.


Message History

The gnoll shouts!
Casting: Magic Dart (safe; 1% risk of failure)
Confirm with . or Enter, or press ? or * to list all spells.
Aiming: Searing Ray (safe; 1% risk of failure)
Press: ? - help, Shift-Dir - straight line, f - gnoll
Aim: a gnoll, wielding a +0 whip (82% to hit)
The searing ray hits the gnoll.
The gnoll is moderately wounded. (Press . to maintain the ray.)
The gnoll shouts!
You hear the slow rusting of a drain very nearby.
The searing ray misses the gnoll. x2
The searing ray hits the gnoll!
You kill the gnoll!
The searing ray hits the gnoll.
The gnoll is heavily wounded.
Blork the orc suddenly grunts, as Orcs often do.
The searing ray hits the gnoll!
You kill the gnoll!
The searing ray hits Blork the orc.
Blork the orc is lightly wounded.
You finish channelling your searing ray.
Casting: Searing Ray (safe; 1% risk of failure)
Confirm with . or Enter, or press ? or * to list all spells.
Aiming: Searing Ray (safe; 1% risk of failure)
Press: ? - help, Shift-Dir - straight line, f - Blork the orc
Aim: Blork the orc, wielding a +0 flail and wearing a +0 robe (lightly wounded, 82% to hit)
The searing ray hits Blork the orc.
Blork the orc is moderately wounded.
The searing ray hits the gnoll.
The gnoll is heavily wounded. (Press . to maintain the ray.)
The searing ray misses Blork the orc.
The searing ray hits the gnoll.
The gnoll is severely wounded.
Use which ability? (? or * to list)
Aiming: Spit Poison (1% risk of failure)
Press: ? - help, Shift-Dir - straight line, f/p - Blork the orc
Aim: Blork the orc, wielding a +0 flail and wearing a +0 robe (moderately wounded, 65% to hit)
The splash of poison hits Blork the orc.
Blork the orc is poisoned.
Blork the orc is moderately wounded.
Blork the orc hits you with a +0 flail! The gnoll barely misses you.
You barely miss Blork the orc.
Blork the orc is moderately wounded.
Blork the orc hits you with a +0 flail!
The gnoll hits you from afar with a +0 halberd!
* * * LOW HITPOINT WARNING * * *
You feel better. Blork the orc closely misses you.
The gnoll hits you from afar with a +0 halberd!
You die...

*,* *,,~~~~~~*
*.* *,,,~~~~~*
##.* *,,,,,,,~* *
*************#..*
*,,,,,,,,* *
*,,,,,,,<,,,,..#*
******,*** *
*,***********#.#
*,,,* ***,* #g#
*,*** ,,,,* #o#
**,* *****
##@######,,*
#####.........**
#.....#.######*
#.###...#
###########.#
#####
............#
.#########..# ,*
#..# ** #..#


You could see Blork the orc (poisoned) and a gnoll.

Vanquished Creatures
  7 gnolls
  4 adders
  3 worms
  4 dart slugs
  2 orcs (D:3)
  5 bats
  3 endoplasms
  4 giant cockroaches
  8 goblins
  3 hobgoblins
  4 jackals (D:1)
  A quokka (D:2)
  7 ball pythons
  2 frilled lizards
  5 kobolds
  6 rats
68 creatures vanquished.

Notes
Turn   | Place    | Note
-------+----------+-------------------------------------------
     0 | D:1      | Ge0ff the Naga Conjurer began the quest for the Orb.
     0 | D:1      | Reached XP level 1. HP: 15/15 MP: 3/3
    76 | D:1      | Reached XP level 2. HP: 14/22 MP: 0/5
   423 | D:1      | Reached XP level 3. HP: 25/28 MP: 1/6
   428 | D:1      | Learned a level 2 spell: Searing Ray
   586 | D:1      | Reached skill level 5 in Conjurations
  1443 | D:2      | Reached XP level 4. HP: 36/36 MP: 4/7
  1852 | D:2      | Reached skill level 6 in Conjurations
  1951 | D:2      | Found a faded altar of an unknown god.
  2350 | D:3      | Reached XP level 5. HP: 42/42 MP: 5/8
  3436 | D:4      | Found a broken altar of Ashenzari.
  3481 | D:4      | Noticed Blork the orc
  3491 | D:4      | Slain by a gnoll

Illustrated notes

Levels and vault maps discovered:
D:1:      dpeg_arrival_subterranean_lakeside_camping, layout_loops_ring,
          st_stairs_12
D:2:      layout_rooms, ebering_ecumenical_altar_petrified
D:3:      layout_loops_corners
D:4:      layout_loops_ring, zin_purify, ashenzari_conservatory_becter,
          portal_sewer_entry_e, minmay_a_box_with_orc_wizards_in_it,
          uniq_eustachio, uniq_blork_the_orc, uniq_ijyb

Skill      XL: |  1  2  3  4 |
---------------+-------------+-----
Conjurations   | 5 6 |  6.3
Dodging        | |  1.5
Stealth        | |  3.0
Spellcasting   | |  2.6

Action                     |  1- 3 |  4- 6 || total
---------------------------+-------+-------++-------
  Melee: Unarmed           |     3 |       ||     3
         Spear             |       |     1 ||     1
   Cast: Magic Dart        |    55 |    50 ||   105
         Searing Ray       |     1 |    12 ||    13
Ability: Spit Poison       |     4 |     4 ||     8
    Use: Scroll            |     3 |     2 ||     5
         Potion            |       |     1 ||     1
 Armour: Robe              |     3 |     1 ||     4
  Dodge: Dodged            |     1 |     8 ||     9

Table legend: (Time is in decaauts)
 A = Elapsed time spent in this place.
 B = Non-inter-level travel time spent in this place.
 C = Inter-level travel time spent in this place.
 D = Time resting spent in this place.
 E = Time spent auto-exploring this place.
 F = Levels seen in this place.
 G = Mean time per level.
                   A        B        C        D        E       F      G
               +--------+--------+--------+--------+--------+-----+--------+
         Total |   4285 |   4139 |    146 |    216 |   3415 |   4 | 1071.2 |
       Dungeon |   4285 |   4139 |    146 |    216 |   3415 |   4 | 1071.2 |
               +--------+--------+--------+--------+--------+-----+--------+

Top non-repeatable levels by time:
     D:3: 1484 daAuts
     D:1: 1429 daAuts
     D:2: 1263 daAuts
     D:4: 108 daAuts
